AoeStats
← Darknar626

Oasis

509796767Analyzed
4v4 RM · 6d ago on Sep 28, 2026· 56m 25s· 8 players
Game mode
Random Map
Map size
Large (8 player)
Population
200
Speed
Normal
Resources
Standard
Victory
Conquest
Starting age
Dark Age
Ending age
Imperial Age
RankedLock teamsTeams togetherTeam positionsShared explorationLock speedFull tech treeHidden civsTurbo modeCheats
Victory
Defeat
🇺🇸 Vietnamese · United States
923
+33
🇬🇧 Danes · United Kingdom
921
+12
🇲🇽 Georgians · Mexico
892
+13
🇲🇽 Muisca · Mexico
835
+16
🇨🇱 Tupi · Chile
1062
-21
🇨🇱 Franks · Chile
850
-14
🇨🇱 Aztecs · Chile
774
-11
🇨🇱 Britons · Chile
643
-7
raul_ruizv
7:41 Loom
9:59 Feudal Age
18:47 Castle Age
18:37 Double-Bit Axe
18:45 Stone Mining
21:14 Horse Collar
26:24 Svan Towers
26:41 Bloodlines
28:49 Scale Barding Armor
36:15 Imperial Age
36:25 Wheelbarrow
36:42 Forging
36:53 Chain Barding Armor
36:36 Husbandry
38:09 Iron Casting
38:30 Block Printing
38:57 Theocracy
38:47 Sanctity
38:41 Fervor
38:44 Redemption
39:08 Gold Mining
39:31 Bow Saw
40:31 Hand Cart
39:53 Elite Monaspa
41:24 Plate Barding Armor
42:59 Aznauri Cavalry
48:15 Blast Furnace
46:40 Light Cavalry
49:08 Caravan
49:50 Stone Shaft Mining
50:57 Hussar
Darknar626
1:07 Loom
11:57 Feudal Age
13:24 Double-Bit Axe
16:58 Wheelbarrow
19:14 Castle Age
19:33 Scale Mail Armor
22:58 Fletching
26:03 Horse Collar
26:33 Bow Saw
26:15 Stone Mining
26:15 Gold Mining
27:18 Town Watch
31:06 Hand Cart
31:11 Bodkin Arrow
35:13 Murder Holes
36:17 Ballistics
40:06 Imperial Age
42:41 Heavy Scorpion
44:58 Stone Shaft Mining
44:58 Gold Shaft Mining
45:24 Two-Man Saw
46:05 Chemistry
45:21 Padded Archer Armor
46:24 Town Patrol
47:02 Heavy Plow
46:53 Pikeman
47:34 Squires
47:47 Forging
47:53 Chain Mail Armor
47:53 Leather Archer Armor
50:17 Capped Ram
53:08 Iron Casting
53:03 Plate Mail Armor
52:34 Bracer
53:41 Crop Rotation
54:10 Siege Engineers
54:16 Masonry
54:05 Champi Runner
It's me, Philadelphia Collins
6:43 Loom
9:29 Feudal Age
15:14 Fletching
19:07 Double-Bit Axe
22:10 Castle Age
21:48 Gold Mining
22:04 Padded Archer Armor
22:37 Horse Collar
22:44 Crossbowman
25:32 Bodkin Arrow
26:52 Leather Archer Armor
35:38 Imperial Age
36:06 Wheelbarrow
36:21 Scale Mail Armor
36:32 Forging
36:06 Elite Fire Lancer
39:08 Chain Mail Armor
39:34 Iron Casting
40:59 Hand Cart
42:09 Plate Mail Armor
42:31 Bracer
48:34 Squires
48:20 Arson
49:24 Caravan
50:36 Elite Rattan Archer
55:16 Man-at-Arms
PibblesMcGhee
10:47 Feudal Age
15:16 Castle Age
13:21 Double-Bit Axe
19:59 Wheelbarrow
19:12 Loom
25:02 Forging
24:53 Scale Mail Armor
26:40 Hamask
28:04 Iron Casting
28:22 Horse Collar
28:57 Bow Saw
30:47 Chain Mail Armor
30:24 Fletching
31:42 Gold Mining
32:23 Hand Cart
33:19 Arson
33:35 Squires
34:04 Thumb Ring
37:09 Imperial Age
35:58 Bodkin Arrow
36:03 Padded Archer Armor
36:06 Stone Mining
36:54 Gold Shaft Mining
38:51 Heavy Scorpion
39:13 Heavy Mounted Crossbowman
42:07 Chemistry
40:41 Pikeman
41:38 Halberdier
41:51 Cranequins
43:11 Heavy Plow
45:54 Conscription
46:10 Hoardings
47:04 Ballistics
47:04 Siege Engineers
51:54 Bracer
52:09 Leather Archer Armor
52:16 Caravan
54:00 Masonry
53:47 Murder Holes
wowmiqui
11:34 Feudal Age
10:19 Loom
13:48 Double-Bit Axe
20:54 Castle Age
20:02 Forging
20:40 Gold Mining
21:00 Scale Barding Armor
21:51 Husbandry
25:43 Wheelbarrow
24:54 Town Watch
26:16 Gold Shaft Mining
25:44 Fletching
25:55 Padded Archer Armor
26:37 Bow Saw
32:50 Bodkin Arrow
33:55 Crossbowman
33:56 Elite Skirmisher
41:15 Imperial Age
40:36 Leather Archer Armor
41:34 Hand Cart
42:28 Iron Casting
42:08 Cranequins
43:08 Pikeman
43:48 Squires
45:28 Blast Furnace
44:49 Chain Barding Armor
44:56 Cavalier
46:00 Ballistics
49:40 Chemistry
48:38 Murder Holes
52:03 Light Cavalry
Tiienty
4:52 Loom
12:27 Feudal Age
19:17 Castle Age
19:39 Double-Bit Axe
19:53 Horse Collar
21:15 Bow Saw
21:08 Heavy Plow
22:07 Stone Mining
24:16 Fletching
32:36 Wheelbarrow
33:51 Atlatl
34:11 Forging
37:47 Gold Mining
40:53 Imperial Age
40:02 Gold Shaft Mining
40:09 Iron Casting
39:36 Scale Mail Armor
44:14 Elite Jaguar Warrior
51:15 Blast Furnace
PNAL | Kush
3:58 Loom
11:39 Feudal Age
18:05 Castle Age
17:03 Double-Bit Axe
16:58 Horse Collar
17:12 Horse Collar
18:18 Stone Mining
18:55 Gold Mining
19:28 Bow Saw
20:16 Scale Mail Armor
22:34 Squires
25:57 Wheelbarrow
25:23 Heavy Plow
26:00 Gold Shaft Mining
27:41 Chain Mail Armor
28:13 Forging
27:56 Fletching
28:56 Arson
29:10 Town Watch
32:36 Iron Casting
35:11 Hand Cart
39:27 Imperial Age
38:36 Bodkin Arrow
39:43 Padded Archer Armor
42:23 Town Patrol
42:56 Plate Mail Armor
42:26 Bracer
44:08 Two-Man Saw
43:11 Bracer
44:46 Elite Ibirapema Warrior
48:17 Champi Runner
50:50 Chemistry
49:19 Champi Warrior
50:19 Elite Champi Warrior
54:42 Conscription
floresmonserratpaz
4:58 Loom
11:14 Feudal Age
21:58 Castle Age
25:57 Crossbowman
35:23 Imperial Age
33:45 Horse Collar
36:22 Ballistics
36:32 Heavy Plow
44:55 Chemistry
49:35 Gold Mining
50:50 Yeomen
52:59 Elite Longbowman
Connection lost

Rejoining the realm…

Still unreachable

The connection could not be restored.

Session expired

The server has moved on; the page needs a fresh start.